General information
- name: BNet
- type: Ladder team game (AT/RT)
- host: Battle.net
- saver: HI_IM_NEWB
map: Mur'gulOasis
- players: 8
- length: 26:30
- speed: Fast
- version: 1.26 W3XP
- replay type: Public
» download(147 KB)
Players
team 1 (loser)

»
Ho3zz (
green | 33 APM | 870 actions | 26:29)
6 Blademaster
3 Wind Walk
2 Critical Strike
1 Bladestorm
» actions
| Assign group hotkey | 24 | |
| Basic commands | 82 | |
| Build / train | 51 | |
| ESC pressed | 9 | |
| Enter build submenu | 22 | |
| Enter hero's abilities submenu | 6 | |
| Right click | 266 | |
| Select / deselect | 199 | |
| Select group hotkey | 140 | |
| Use ability | 71 | |
870 total
» units
» upgrades
| Pillage | 1 | |
| Armor | 1 | |
| Melee Weapons | 1 | |
| Berserker Strength | 1 | |
| Ensnare | 1 | |
5 total
» buildings
| Altar of Storms | 1 | |
| Orc Burrow | 15 | |
| Barracks | 1 | |
| Voodoo Lounge | 1 | |
| War Mill | 1 | |
| Stronghold | 1 | |
| Fortress | 1 | |
| Beastiary | 2 | |
| Great Hall | 1 | |
24 total
» build order
00:06 Altar of Storms
00:09 Orc Burrow
01:10 Barracks
02:21 Orc Burrow
02:24 Voodoo Lounge
02:46 Orc Burrow
03:39 War Mill
05:12 Orc Burrow
06:12 Orc Burrow
07:00 Stronghold
07:20 Orc Burrow
10:34 Fortress
10:36 Beastiary
10:55 Beastiary
11:18 Orc Burrow
11:21 Orc Burrow
12:38 Great Hall
17:14 Orc Burrow
17:21 Orc Burrow
17:24 Orc Burrow
17:26 Orc Burrow
17:28 Orc Burrow
17:32 Orc Burrow
17:35 Orc Burrow
» items
| Scroll of Speed | 2 | |
| Healing Salve | 2 | |
| Scroll of Town Portal | 1 | |
5 total
wc3tftaccnt3 (
blue | 45 APM | 1191 actions | 26:29)
6 Blood Mage
3 Flame Strike
1 Siphon Mana
1 Banish
1 Summon Phoenix
3 Archmage
2 Summon Water Elemental
1 Blizzard
» actions
| Assign group hotkey | 33 | |
| Basic commands | 118 | |
| Build / train | 72 | |
| Enter build submenu | 26 | |
| Enter hero's abilities submenu | 9 | |
| Right click | 345 | |
| Select / deselect | 160 | |
| Select group hotkey | 363 | |
| Use ability | 65 | |
1191 total
» units
| Peasant | 6 | |
| Rifleman | 11 | |
| Priest | 6 | |
| Dragonhawk Rider | 19 | |
| Spell Breaker | 2 | |
44 total
» upgrades
| Gunpowder | 3 | |
| Armor | 2 | |
| Long Rifles | 1 | |
| Magic Sentry | 1 | |
| Priest Training | 2 | |
| Cloud | 1 | |
10 total
» buildings
| Altar of Kings | 1 | |
| Blacksmith | 1 | |
| Farm | 15 | |
| Scout Tower | 4 | |
| Arcane Tower | 1 | |
| Lumber Mill | 1 | |
| Barracks | 2 | |
| Guard Tower | 2 | |
| Arcane Vault | 1 | |
| Keep | 1 | |
| Arcane Sanctum | 1 | |
| Gryphon Aviary | 1 | |
| Castle | 1 | |
32 total
» build order
00:04 Altar of Kings
00:06 Blacksmith
00:15 Farm
00:17 Scout Tower
01:00 Scout Tower
01:28 Arcane Tower
01:42 Lumber Mill
01:57 Farm
01:59 Farm
02:18 Barracks
02:45 Scout Tower
02:50 Farm
02:51 Farm
03:18 Guard Tower
03:43 Arcane Vault
03:49 Scout Tower
03:53 Farm
03:54 Farm
04:48 Guard Tower
05:03 Barracks
06:43 Keep
09:13 Arcane Sanctum
10:53 Farm
10:55 Farm
10:55 Farm
10:57 Farm
13:39 Gryphon Aviary
18:27 Farm
18:28 Farm
18:29 Farm
18:29 Farm
19:52 Castle
» items
| Lesser Clarity Potion | 1 | |
| Scroll of Regeneration | 1 | |
2 total

»
puressence (
teal | 82 APM | 2161 actions | 26:29)
5 Far Seer
3 Feral Spirit
2 Chain Lighting
5 Shadow Hunter
3 Hex
2 Healing Wave
» actions
| Assign group hotkey | 13 | |
| Build / train | 38 | |
| ESC pressed | 1 | |
| Enter build submenu | 16 | |
| Enter hero's abilities submenu | 10 | |
| Right click | 696 | |
| Select / deselect | 192 | |
| Select group hotkey | 1107 | |
| Use ability | 88 | |
2161 total
» units
| Peon | 7 | |
| Grunt | 2 | |
| Troll Batrider | 9 | |
18 total
» upgrades
| Ranged Weapons | 2 | |
| Liquid Fire | 1 | |
| Reinforced Defenses | 1 | |
4 total
» buildings
| Altar of Storms | 1 | |
| Orc Burrow | 6 | |
| Barracks | 1 | |
| War Mill | 1 | |
| Stronghold | 1 | |
| Voodoo Lounge | 1 | |
| Fortress | 1 | |
| Beastiary | 3 | |
| Watch Tower | 2 | |
| Spirit Lodge | 1 | |
18 total
» build order
00:13 Altar of Storms
00:29 Orc Burrow
01:01 Barracks
01:36 Orc Burrow
01:50 War Mill
02:56 Stronghold
03:25 Orc Burrow
04:30 Voodoo Lounge
05:20 Fortress
05:39 Beastiary
06:08 Beastiary
06:49 Orc Burrow
08:13 Beastiary
08:50 Orc Burrow
11:32 Orc Burrow
15:16 Watch Tower
15:17 Watch Tower
15:25 Spirit Lodge
» items

»
geteveryicon (
orange | 45 APM | 1179 actions | 26:29)
6 Demon Hunter
2 Mana Burn
3 Evasion
1 Metamorphosis
» actions
| Basic commands | 16 | |
| Build / train | 46 | |
| Enter build submenu | 15 | |
| Enter hero's abilities submenu | 6 | |
| Right click | 851 | |
| Select / deselect | 198 | |
| Use ability | 47 | |
1179 total
» units
» upgrades
| Strength of the Moon | 2 | |
| Moon Armor | 2 | |
| Sentinel | 1 | |
5 total
» buildings
| Moon Well | 8 | |
| Altar of Elders | 2 | |
| Hunter's Hall | 1 | |
| Ancient of War | 2 | |
| Tree of Ages | 1 | |
| Tree of Eternity | 1 | |
| Tree of Life | 1 | |
16 total
» build order
00:22 Moon Well
00:35 Altar of Elders
01:29 Hunter's Hall
01:52 Ancient of War
02:08 Moon Well
02:25 Ancient of War
02:35 Moon Well
03:42 Moon Well
05:05 Moon Well
05:41 Tree of Ages
09:51 Tree of Eternity
10:47 Moon Well
22:26 Tree of Life
24:46 Altar of Elders
24:49 Moon Well
24:52 Moon Well
» items
| Scroll of Town Portal | 1 | |
| Boots of Speed | 1 | |
| Potion of Lesser Invulnerability | 1 | |
| Periapt of Vitality | 1 | |
| Staff of Teleportation | 1 | |
| Orb of Fire | 1 | |
6 total
team 2 (winner)
pushup (
red | 19 APM | 447 actions | 23:31)
1 Archmage
1 Summon Water Elemental
» actions
| Assign group hotkey | 11 | |
| Basic commands | 63 | |
| Build / train | 36 | |
| ESC pressed | 2 | |
| Enter build submenu | 19 | |
| Enter hero's abilities submenu | 1 | |
| Remove unit from queue | 1 | |
| Right click | 108 | |
| Select / deselect | 166 | |
| Select group hotkey | 20 | |
| Use ability | 20 | |
447 total
» units
| Peasant | 16 | |
| Siege Engine | 4 | |
| Mortar Team | 3 | |
23 total
» upgrades
| Plating | 3 | |
| Gunpowder | 3 | |
| Lumber Harvesting | 1 | |
| Barrage | 1 | |
8 total
» buildings
| Farm | 9 | |
| Lumber Mill | 1 | |
| Blacksmith | 1 | |
| Altar of Kings | 1 | |
| Keep | 1 | |
| Castle | 1 | |
| Workshop | 5 | |
19 total
» build order
00:19 Farm
01:06 Lumber Mill
01:11 Farm
01:49 Farm
02:37 Blacksmith
03:54 Altar of Kings
03:59 Keep
05:04 Farm
06:00 Farm
06:21 Castle
07:13 Farm
07:21 Workshop
07:31 Workshop
07:36 Workshop
07:41 Workshop
07:58 Workshop
08:12 Farm
09:16 Farm
11:05 Farm
HI_IM_NEWB (
pink | 34 APM | 897 actions | 26:30)
1 Goblin Tinker
1 Pocket Factory
1 Naga Sea Witch
1 Frost Arrows
» actions
| Assign group hotkey | 15 | |
| Basic commands | 5 | |
| Build / train | 37 | |
| ESC pressed | 10 | |
| Enter build submenu | 12 | |
| Enter hero's abilities submenu | 2 | |
| Right click | 294 | |
| Select / deselect | 359 | |
| Select group hotkey | 111 | |
| Use ability | 51 | |
897 total
» units
| Wisp | 11 | |
| Archer | 6 | |
| Dryad | 3 | |
| Knight | 1 | |
21 total
» upgrades
| Ultravision | 1 | |
| Strength of the Wild | 1 | |
| Reinforced Hides | 1 | |
| Abolish Magic | 1 | |
4 total
» buildings
| Altar of Elders | 1 | |
| Moon Well | 5 | |
| Ancient of War | 1 | |
| Ancient of Wonders | 1 | |
| Tree of Ages | 1 | |
| Hunter's Hall | 1 | |
| Ancient of Wind | 1 | |
| Ancient of Lore | 1 | |
12 total
» build order
00:14 Altar of Elders
00:24 Moon Well
00:27 Ancient of War
02:04 Ancient of Wonders
03:30 Moon Well
03:32 Tree of Ages
03:45 Moon Well
04:23 Moon Well
04:58 Hunter's Hall
05:48 Moon Well
07:19 Ancient of Wind
07:23 Ancient of Lore
» items
| Dust of Appearance | 1 | |
| Lesser Clarity Potion | 1 | |
| Potion of Healing | 3 | |
| Staff of Preservation | 1 | |
6 total
Syla (
yellow | 30 APM | 669 actions | 22:33)
5 Priestess of the Moon
2 Scout
3 Trueshot Aura
» actions
| Assign group hotkey | 28 | |
| Build / train | 51 | |
| Enter build submenu | 16 | |
| Enter hero's abilities submenu | 5 | |
| Right click | 257 | |
| Select / deselect | 174 | |
| Select group hotkey | 105 | |
| Use ability | 33 | |
669 total
» units
| Wisp | 9 | |
| Archer | 7 | |
| Chimaera | 12 | |
| Hippogryph | 9 | |
37 total
» upgrades
| Strength of the Wild | 3 | |
| Reinforced Hides | 2 | |
| Corrosive Breath | 1 | |
6 total
» buildings
| Ancient of War | 1 | |
| Moon Well | 9 | |
| Altar of Elders | 1 | |
| Tree of Ages | 1 | |
| Hunter's Hall | 1 | |
| Tree of Eternity | 1 | |
| Ancient of Wind | 1 | |
| Chimaera Roost | 3 | |
18 total
» build order
00:22 Ancient of War
00:37 Moon Well
01:35 Moon Well
02:24 Altar of Elders
02:35 Moon Well
03:04 Tree of Ages
03:36 Moon Well
04:08 Hunter's Hall
05:05 Moon Well
05:50 Tree of Eternity
05:56 Ancient of Wind
06:07 Moon Well
07:04 Moon Well
08:17 Chimaera Roost
09:15 Chimaera Roost
09:47 Chimaera Roost
17:24 Moon Well
18:29 Moon Well
xXTheYoshiXx (
purple | 43 APM | 930 actions | 21:52)
6 Blood Mage
3 Siphon Mana
2 Banish
1 Summon Phoenix
» actions
| Assign group hotkey | 12 | |
| Build / train | 52 | |
| Enter build submenu | 14 | |
| Enter hero's abilities submenu | 8 | |
| Right click | 576 | |
| Select / deselect | 172 | |
| Select group hotkey | 12 | |
| Use ability | 84 | |
930 total
» units
» upgrades
| Swords | 3 | |
| Animal War Training | 1 | |
| Plating | 3 | |
7 total
» buildings
| Farm | 9 | |
| Keep | 1 | |
| Altar of Kings | 1 | |
| Blacksmith | 1 | |
| Arcane Vault | 1 | |
| Barracks | 2 | |
| Scout Tower | 2 | |
| Arcane Tower | 1 | |
| Lumber Mill | 1 | |
| Castle | 1 | |
20 total
» build order
00:35 Farm
02:27 Keep
02:44 Altar of Kings
02:55 Blacksmith
03:06 Farm
04:03 Arcane Vault
04:16 Barracks
04:20 Scout Tower
04:25 Scout Tower
04:52 Arcane Tower
05:46 Lumber Mill
05:59 Castle
07:30 Farm
07:31 Farm
07:33 Farm
07:38 Farm
07:45 Farm
07:46 Farm
07:48 Farm
10:19 Barracks
» items
| Lesser Clarity Potion | 2 | |
| Dust of Appearance | 1 | |
| Potion of Healing | 1 | |
| Scroll of Town Portal | 1 | |
| Scroll of Regeneration | 1 | |
| Potion of Mana | 1 | |
7 total
Chat log
(00:23 / Allies) xXTheYoshiXx: units?
(00:28 / Allies) Syla: chime
(00:35 / Allies) pushup: rifles tanks
(00:36 / All) wc3tftaccnt3: did he bsed his ally ?
(02:37 / All) Ho3zz: YES OWNED U
(05:13 / Allies) HI_IM_NEWB: orange means business
(05:16 / Allies) pushup: well done yellow
(05:23 / Allies) HI_IM_NEWB: serious business
(07:04 / Allies) pushup: aim for orange hero
(08:57 / Allies) pushup: yellow help?
(09:59 / Allies) pushup: one minute i have tanks and i go straight for orange base
(10:06 / Allies) xXTheYoshiXx: i got knights here too
(10:07 / Allies) HI_IM_NEWB: excellent
(10:22 / Allies) HI_IM_NEWB: that will go great against his "fast moving units that are cabable of effectively hunting down tanks"
(10:23 / Allies) pushup: correction
(10:27 / Allies) pushup: i attack green
(10:29 / Allies) pushup: soft base
(10:49 / Allies) pushup: i take spare cash for tanks
(11:00 / Allies) pushup: nice
(11:01 / Allies) HI_IM_NEWB: take some from purp, he's been saving up
(11:07 / Allies) HI_IM_NEWB: for mass mechanical critters I guess
(11:22 / Allies) HI_IM_NEWB: awww...
(11:23 / Allies) HI_IM_NEWB: poor red
(11:34 / Allies) Syla: wood plz
(11:38 / Allies) HI_IM_NEWB: too bad those tanks didn't do so well against the things I said would kill them.
(11:57 / All) Ho3zz: Damn u pussy
(12:03 / Allies) HI_IM_NEWB: I'm afraid I'll have to cease the funding for your operation.
(12:04 / Allies) pushup: =D
(12:19 / Allies) HI_IM_NEWB: what are you smiling about?
(12:24 / Allies) HI_IM_NEWB: do you like feeding experience?
(12:25 / Allies) HI_IM_NEWB: is that it?
(13:05 / All) HI_IM_NEWB: Reds losing his base to creeps.
(13:07 / All) HI_IM_NEWB: Good job red.
(13:35 / Allies) pushup: wow u didnt get orange hall
(13:40 / All) HI_IM_NEWB: He made five workshops
(13:44 / Allies) pushup: purple stay iwth tanks
(13:47 / All) HI_IM_NEWB: For the sole purpose of giving you guys experience.
(13:48 / All) Ho3zz: damn spanked those chimeras
(14:07 / Allies) HI_IM_NEWB: Red
(14:11 / All) HI_IM_NEWB: Red
(14:15 / All) HI_IM_NEWB: I'm adding you to my dota banlist.
(14:19 / Allies) xXTheYoshiXx: main
(14:21 / Allies) pushup: move purple
(14:25 / Allies) pushup: get out of tanks way
(14:29 / All) HI_IM_NEWB: In addition, I'm deducting you fifty random team collaboration ponts.'
(15:02 / Allies) pushup: purple kill wisps
(15:11 / Allies) pushup: purple kill wisps at gold mine
(15:59 / All) HI_IM_NEWB: Orange
(16:04 / All) HI_IM_NEWB: You don't have to bother finishing red
(16:10 / All) HI_IM_NEWB: The creeps are perfectly capable of doing that themselves.
(17:07 / Allies) xXTheYoshiXx: ty
(17:50 / Allies) pushup: get expos
(17:55 / Allies) pushup: i have zero peon
(18:02 / Allies) pushup: HELP
(18:05 / Allies) xXTheYoshiXx: omw
(18:05 / Allies) xXTheYoshiXx: run]
(18:06 / Allies) pushup: i still ahve a town
(18:07 / Allies) pushup: same me
(18:10 / Allies) HI_IM_NEWB: no you don't.
(18:24 / Allies) HI_IM_NEWB: You have no peasants, or a hall
(18:53 / Allies) HI_IM_NEWB: and whatever building you have left have been whittled away at by the computer.
(19:01 / Allies) pushup: if u want me to make moratar give gold
(19:06 / Allies) pushup: fullly upgraded
(19:16 / Allies) HI_IM_NEWB: 3/0 isn't fully upgraded.
(19:25 / Allies) HI_IM_NEWB: I'm not even convinced you have frag shards.
(19:33 / Allies) pushup: no i dont
(19:34 / Allies) HI_IM_NEWB: or flare for that matter.
(19:39 / Allies) pushup: true
(19:39 / Allies) HI_IM_NEWB: Then quit lying, you liar.
(19:44 / Allies) pushup: dude
(19:50 / Allies) pushup: jeez
(19:55 / Allies) HI_IM_NEWB: jeez indeed.
(20:59 / Allies) HI_IM_NEWB: You'll have to ask purple for gold, red.
(21:06 / Allies) HI_IM_NEWB: He doesn't even want to use his money anyway.
(21:17 / Allies) pushup: purple give gold for mortars?
(21:27 / Allies) HI_IM_NEWB: Maybe he's going to donate it to the poor folk on Lordaeron.
(21:45 / Allies) HI_IM_NEWB: or fund Hacker projects on Northrend.
(21:57 / Allies) HI_IM_NEWB: Yep.
(22:02 / Allies) HI_IM_NEWB: Definitely the latter.
(22:09 / Allies) HI_IM_NEWB: He left as soon aas I called him out.
(22:14 / Allies) HI_IM_NEWB: Red
(22:18 / Allies) pushup: yo
(22:19 / Allies) HI_IM_NEWB: are you really scared of peons
(22:34 / All) Ho3zz: thank the lord for pillage
(22:48 / Allies) HI_IM_NEWB: Now you can be afraid.
(22:53 / Allies) HI_IM_NEWB: Level six demon hunters are scary.
(22:53 / Allies) pushup: lol
(23:14 / Allies) pushup: man we could of won this
(23:19 / Allies) HI_IM_NEWB: Could we
(23:21 / Allies) HI_IM_NEWB: Why is that?
(23:22 / Allies) pushup: lame ass orange kept harassing
(23:43 / All) HI_IM_NEWB: All the money in the world
(23:51 / All) HI_IM_NEWB: And purple doesn't even want to revive his heroes
(24:10 / All) HI_IM_NEWB: or get anything useful really.
(24:14 / All) Ho3zz: :)
(24:22 / All) HI_IM_NEWB: Well
(24:25 / All) HI_IM_NEWB: it's been fun
(24:44 / All) Ho3zz: strategically speaking im just tooooo ILL
(24:51 / All) HI_IM_NEWB: ILL?
(24:58 / All) Ho3zz: FUCKING NASTY WIT IT
(25:05 / All) HI_IM_NEWB: ?o_O
(25:20 / All) HI_IM_NEWB: I'd build things with red, but the computer massacred his poor village.
(25:21 / All) Ho3zz: im awesome u blow
(25:35 / All) HI_IM_NEWB: Wanna play a game to confirm that?
(25:41 / All) Ho3zz: bring it on fag boy
(25:45 / All) HI_IM_NEWB: Can anyone here host?
(25:55 / All) HI_IM_NEWB: Green wants to 1v1 me
(26:01 / All) HI_IM_NEWB: To test his mettle or something.
(26:05 / All) Ho3zz: no, I WAnt to murdelize u
(26:10 / All) HI_IM_NEWB: channel forum after
(26:12 / All) HI_IM_NEWB: ok?
(26:14 / All) HI_IM_NEWB: Can you hsot?
(26:17 / All) Ho3zz: channel these nuts
(26:18 / All) HI_IM_NEWB: because I can't :(
(26:19 / All) Ho3zz: Yep
(26:22 / All) HI_IM_NEWB: ok
(26:26 / All) Ho3zz: dont put smiley faces at me thats gay
(26:28 / All) HI_IM_NEWB: Seeya there